 Dungeon Crawl Stone Soup version 0.21.1-1-g345015f (webtiles) character file.

1355 Derpington the Cleaver (level 8, -4/71 HPs)
             Began as a Hill Orc Fighter on May 16, 2018.
             Was a Believer of Makhleb.
             Slain by an orc warrior
             ... wielding a +0 mace of protection
              (14 damage)
             ... on level 6 of the Dungeon on May 17, 2018.
             The game lasted 00:49:29 (6551 turns).

Derpington the Cleaver (Hill Orc Fighter)           Turns: 6551, Time: 00:49:29

Health: -4/71      AC: 15    Str: 20    XL:     8   Next: 63%
Magic:  10/10      EV:  4    Int:  8    God:    Makhleb [**....]
Gold:   231        SH: 10    Dex: 11    Spells: 7/7 levels left

rFire    . . .     SeeInvis .   a - +0 war axe
rCold    . . .     Gourm    .   c - +0 shield
rNeg     . . .     Faith    .   p - +0 plate armour
rPois    .         Spirit   .   x - +2 helmet
rElec    .         Reflect  .   (no cloak)
rCorr    .         Harm     .   (no gloves)
MR       .....                  (no boots)
Stlth    ..........             (no amulet)
HPRegen  0.21/turn              (no ring)
MPRegen  0.12/turn              (no ring)

@: no status effects
A: no striking features
a: Minor Destruction, Renounce Religion


You were on level 6 of the Dungeon.
You worshipped Makhleb.
Makhleb was pleased with you.
You were not hungry.

You visited 1 branch of the dungeon, and saw 6 of its levels.
You also visited: Ossuary.

You collected 231 gold pieces.

Inventory:

Hand Weapons
 a - a +0 war axe (weapon)
Missiles
 d - 2 silver tomahawks
 e - 133 stones (quivered)
 q - 79 arrows
 v - 13 poisoned needles
 E - 12 bolts
Armour
 c - a +0 shield (worn)
 j - a +0 chain mail
 p - a +0 plate armour (worn)
 x - a +2 helmet (worn)
Jewellery
 y - an uncursed amulet of magic regeneration
Scrolls
 g - 8 scrolls of remove curse
 h - 2 scrolls of fog
 i - 2 scrolls of immolation {unknown}
 m - a scroll of enchant weapon {unknown}
 n - 3 scrolls of teleportation {unknown}
 o - 3 scrolls of amnesia
 r - a scroll of random uselessness {unknown}
 s - a scroll of identify
 C - a scroll of blinking {unknown}
Potions
 b - 3 potions of curing
 k - a potion of lignification {unknown}
 l - a potion of mutation {unknown}
 t - 2 potions of agility {unknown}
 u - 4 potions of heal wounds {unknown}
 w - a potion of flight {unknown}
 z - 2 potions of brilliance {unknown}
 B - 2 potions of invisibility {unknown}
 D - 3 potions of resistance {unknown}
Books
 A - the Collected Works on Battle Magic and Venom
   (You found it on level 5 of the Dungeon)

   Spells                             Type                      Level
   a - Magic Dart                     Conjuration                  1
   b - Ignite Poison                  Fire/Transmutation/Poison    3
   c - Sticky Flame                   Conjuration/Fire             4
   d - Iskenderun's Battlesphere      Conjuration/Charms           5
   e - Lightning Bolt                 Conjuration/Air              5
Comestibles
 f - 8 rations


   Skills:
 * Level 6.3 Fighting
 + Level 8.5 Axes
 * Level 3.5 Throwing
 + Level 4.3 Armour
 * Level 5.3 Shields
 * Level 3.3 Invocations


You had 7 spell levels left.
You didn't know any spells.

Dungeon Overview and Level Annotations

Branches:
Dungeon (6/15)
 Temple: D:4-7

Altars:
Ashenzari
Cheibriados
Dithmenos
Elyvilon
Fedhas
Makhleb
Qazlal
Yredelemnul
The Shining One

Annotations:
D:2 Sigmund


Message History

Aim: an orc warrior, wielding a mace of protection and wearing a chain mail (lightly wounded)
The puff of flame hits the orc warrior.
The orc warrior appears unharmed.
The orc warrior is lightly wounded.
The jackal bites you but does no damage.
The jackal bites you but does no damage.
Press: ? - help, Shift-Dir - straight line, f/p - orc warrior
Aim: an orc warrior, wielding a mace of protection and wearing a chain mail (lightly wounded)
The puff of flame misses the orc warrior.
The orc warrior hits you with a mace of protection!
* * * LOW HITPOINT WARNING * * *
The jackal bites you but does no damage.
You feel better. You block the jackal's attack.
The orc warrior hits you but does no damage.
The jackal bites you but does no damage.
You slash the jackal!
You kill the jackal!
Makhleb accepts your kill.
You feel better.
You closely miss the orc warrior.
The orc warrior hits you with a mace of protection!
You die...

.# #.#. #(.. ##..#
######..# #......#
#.....)#############
#...o..)............
#..@..)#############
######## #.
###########
#..........
#..#...#...
#_.........
#..#...#...
#..........
###########


You could see an orc warrior.

Vanquished Creatures
  An orc warrior (D:6)
  An ogre (D:4)
  A centaur (D:5)
  A bullfrog (D:6)
  2 water moccasin zombies (Ossuary)
  2 crimson imps
  A jelly (D:5)
  2 bullfrog skeletons
  3 hounds
  2 orc priests
  3 orc wizards
  2 iguanas (D:4)
  A worker ant (D:6)
  Natasha (D:2)
  A killer bee zombie (D:5)
  7 big kobold zombies (Ossuary)
  A hound skeleton (D:5)
  2 mummies (Ossuary)
  10 adders
  A howler monkey skeleton (D:4)
  3 oozes
  8 adder zombies (Ossuary)
  An adder skeleton (D:5)
  3 worms
  2 dart slugs (D:1)
  A leopard gecko (D:2)
  13 orcs
  A ball python (D:3)
  9 bats
  A giant cockroach (D:3)
  2 gnoll zombies (Ossuary)
  7 goblins
  6 hobgoblins
  4 jackals
  A quokka (D:4)
  4 frilled lizards
  3 hobgoblin zombies (Ossuary)
  5 kobolds
  3 kobold zombies (Ossuary)
  A leopard gecko skeleton (D:5)
  3 orc zombies (Ossuary)
  3 rats
129 creatures vanquished.

Notes
Turn   | Place    | Note
-------+----------+-------------------------------------------
     0 | D:1      | Derpington the Hill Orc Fighter began the quest for the Orb.
     0 | D:1      | Reached XP level 1. HP: 19/19 MP: 1/1
   252 | D:1      | Reached XP level 2. HP: 19/27 MP: 2/2
   474 | D:1      | Reached skill level 3 in Axes
   648 | D:1      | Reached XP level 3. HP: 32/33 MP: 3/3
  1554 | D:2      | Reached skill level 1 in Throwing
  1813 | D:2      | Reached skill level 4 in Axes
  1813 | D:2      | Reached XP level 4. HP: 24/40 MP: 4/4
  2116 | D:2      | Noticed Natasha
  2128 | D:2      | Killed Natasha
  2150 | D:2      | Found a basalt altar of Yredelemnul.
  2152 | D:2      | Noticed a profane servitor
  2167 | D:2      | Found a glowing golden altar of the Shining One.
  2173 | D:2      | Noticed an angel
  3180 | D:2      | Noticed Sigmund
  3347 | D:3      | Found a stormy altar of Qazlal.
  3348 | D:3      | Found a blossoming altar of Fedhas.
  3432 | D:3      | Found a snail-covered altar of Cheibriados.
  3530 | D:3      | Reached XP level 5. HP: 42/47 MP: 5/5
  3622 | D:3      | Found a white marble altar of Elyvilon.
  3625 | D:3      | Reached skill level 5 in Axes
  3685 | D:3      | Found a burning altar of Makhleb.
  3702 | D:3      | Became a worshipper of Makhleb the Destroyer
  3804 | D:3      | Found a glowing drain.
  4645 | D:4      | Reached XP level 6. HP: 55/55 MP: 6/6
  4758 | D:4      | Found a shattered altar of Ashenzari.
  4865 | D:4      | Reached skill level 5 in Fighting
  4874 | D:4      | Reached skill level 1 in Invocations
  4935 | D:4      | Reached * piety under Makhleb
  5178 | D:4      | Reached skill level 6 in Axes
  5265 | D:4      | Reached XP level 7. HP: 47/61 MP: 8/8
  5322 | D:5      | Entered Level 5 of the Dungeon
  5360 | D:5      | Identified the Collected Works on Battle Magic and Venom
  5642 | D:5      | Reached skill level 7 in Axes
  5890 | D:5      | Found a sand-covered staircase.
  5902 | Ossuary  | Entered an ossuary
  6024 | Ossuary  | Reached XP level 8. HP: 65/70 MP: 8/10
  6041 | Ossuary  | Reached ** piety under Makhleb
  6074 | Ossuary  | Reached skill level 8 in Axes
  6323 | D:6      | Reached skill level 5 in Shields
  6452 | D:6      | Found a shadowy altar of Dithmenos.
  6548 | D:6      | HP: 3/71 [orc warrior/mace of protection (10)]
  6551 | D:6      | Slain by an orc warrior

Skill      XL: |  1  2  3  4  5  6  7  8 |
---------------+-------------------------+-----
Fighting       | 4 5 6 |  6.3
Axes           | 3 4 5 6 7 8 |  8.5
Throwing       | 1 2 3 |  3.5
Shields        | 4 5 |  5.3
Invocations    | 1 2 3 |  3.3
Armour         | 4 |  4.3

Action                   |  1- 3 |  4- 6 |  7- 9 || total
-------------------------+-------+-------+-------++-------
Melee: War axe           |   110 |   179 |   248 ||   537
Throw: Stone             |     5 |    10 |     3 ||    18
Invok: Minor Destruction |       |       |     3 ||     3
  Use: Scroll            |     1 |     5 |       ||     6
       Potion            |       |     1 |     2 ||     3
  Eat: Ration            |     1 |     2 |     2 ||     5
       Chunk             |       |     4 |       ||     4
Armor: Scale mail        |    14 |       |       ||    14
       Chain mail        |    58 |    18 |       ||    76
       Plate armour      |       |    98 |   167 ||   265
Dodge: Dodged            |    36 |    34 |    32 ||   102
Block: Shield            |    71 |    84 |   115 ||   270
